AoeStats
← dashuaibi

Black Forest

508425240Analyzed
4v4 RM · 10d ago on Sep 22, 2026· 40m 41s· 8 players
Game mode
Random Map
Map size
Large (8 player)
Population
200
Speed
Normal
Resources
Standard
Victory
Conquest
Starting age
Dark Age
Ending age
Imperial Age
RankedLock teamsTeams togetherTeam positionsShared explorationLock speedFull tech treeHidden civsTurbo modeCheats
Victory
Defeat
🇦🇷 Persians · Argentina
1408
+15
🇨🇦 Turks · Canada
1401
+15
🇮🇳 Khmer · India
1399
+15
🇦🇷 Mongols · Argentina
1355
+17
🇨🇳 Ethiopians · China
1395
-16
🇭🇰 Portuguese · Hong Kong SAR China
1392
-16
🇻🇳 Persians · Vietnam
1368
-15
🇨🇳 Mongols · China
1360
-15
Spartacus
9:02 Loom
10:48 Feudal Age
15:23 Castle Age
13:45 Double-Bit Axe
14:49 Gold Mining
16:25 Bow Saw
15:55 Horse Collar
16:56 Heavy Plow
19:17 Wheelbarrow
20:57 Scale Barding Armor
21:51 Forging
24:36 Chain Barding Armor
24:52 Iron Casting
25:19 Gold Shaft Mining
25:44 Bloodlines
29:47 Hand Cart
32:30 Imperial Age
32:36 Imperial Age
30:24 Stone Mining
31:39 Husbandry
32:17 Cavalier
33:33 Plate Barding Armor
34:33 Blast Furnace
33:46 Savar
35:09 Crop Rotation
35:23 Fletching
38:41 Conscription
Shadow O.o
2:57 Loom
12:05 Feudal Age
13:32 Double-Bit Axe
18:00 Fletching
27:32 Horse Collar
34:59 Castle Age
35:41 Gold Mining
35:30 Crossbowman
37:45 Wheelbarrow
37:15 Scale Mail Armor
37:41 Pikeman
39:09 Chain Mail Armor
40:05 Sanctity
40:38 Hand Cart
Walkuere
2:54 Loom
14:37 Feudal Age
15:03 Double-Bit Axe
15:06 Horse Collar
19:53 Castle Age
19:40 Gold Mining
20:16 Fletching
20:54 Bodkin Arrow
21:05 Crossbowman
26:07 Bow Saw
27:41 Padded Archer Armor
29:35 Town Watch
38:18 Imperial Age
35:32 Elite Skirmisher
36:49 Wheelbarrow
38:54 Ballistics
40:04 Chemistry
40:09 Gold Shaft Mining
39:46 Arbalester
40:35 Thumb Ring
dashuaibi
10:06 Feudal Age
13:04 Double-Bit Axe
15:45 Castle Age
13:40 Loom
14:26 Horse Collar
22:52 Fletching
24:18 Wheelbarrow
23:28 Loom
24:11 Gold Mining
26:21 Bow Saw
30:16 Imperial Age
28:20 Padded Archer Armor
29:16 Ballistics
30:23 Gold Shaft Mining
29:38 Stone Mining
30:06 Bodkin Arrow
30:26 Leather Archer Armor
30:18 Scale Barding Armor
31:28 Conscription
31:50 Stone Shaft Mining
31:25 Thumb Ring
31:33 Bloodlines
32:25 Hand Cart
32:35 Masonry
33:29 Chemistry
33:17 Bracer
35:17 Chain Barding Armor
35:11 Masonry
35:12 Fortified Wall
36:32 Murder Holes
39:34 Elite Mangudai
40:32 Heavy Plow
AlzzStriker
1:51 Loom
2:50 Loom
15:42 Feudal Age
19:22 Castle Age
17:46 Double-Bit Axe
17:43 Horse Collar
22:47 Padded Archer Armor
40:28 Wheelbarrow
40:54 Heavy Plow
[BadStart] The Shadow
1:53 Loom
9:17 Feudal Age
10:22 Double-Bit Axe
10:18 Horse Collar
13:37 Fletching
14:18 Town Watch
21:57 Castle Age
20:08 Gold Mining
22:34 Bodkin Arrow
22:50 Bow Saw
29:36 Ballistics
31:53 Wheelbarrow
33:01 Fortified Wall
33:07 Hand Cart
36:24 Imperial Age
34:25 Nomads
35:48 Bloodlines
35:39 Husbandry
37:07 Bracer
38:14 Chemistry
Politox
6:12 Loom
11:58 Feudal Age
12:47 Double-Bit Axe
12:43 Horse Collar
15:49 Castle Age
14:54 Bloodlines
14:51 Scale Barding Armor
16:25 Husbandry
17:25 Chain Barding Armor
20:34 Forging
22:18 Iron Casting
22:45 Bow Saw
22:47 Heavy Plow
25:03 Wheelbarrow
26:10 Iron Casting
26:25 Gold Mining
26:27 Stone Mining
28:34 Hand Cart
29:29 Fervor
35:55 Imperial Age
33:14 Town Watch
33:41 Fletching
34:04 Masonry
34:15 Ballistics
33:58 Padded Archer Armor
35:15 Bodkin Arrow
35:36 Cavalier
36:53 Plate Barding Armor
37:19 Blast Furnace
37:21 Chemistry
36:52 Architecture
36:27 Caravan
36:57 Coinage
36:38 Guilds
37:30 Two-Man Saw
37:01 Crop Rotation
37:08 Gold Shaft Mining
37:09 Stone Shaft Mining
37:19 Savar
38:38 Conscription
40:02 Banking
40:29 Leather Archer Armor
Justin Credible
0:44 Loom
11:08 Feudal Age
14:59 Castle Age
13:27 Double-Bit Axe
13:57 Horse Collar
16:12 Bow Saw
23:05 Wheelbarrow
22:58 Gold Mining
24:21 Scale Barding Armor
24:46 Hand Cart
25:25 Chain Barding Armor
26:12 Gold Shaft Mining
29:27 Imperial Age
27:30 Forging
27:38 Bloodlines
28:22 Heavy Plow
28:45 Husbandry
29:38 Iron Casting
29:28 Elite Battle Elephant
30:49 Plate Barding Armor
31:12 Town Watch
34:02 Blast Furnace
34:25 Conscription
34:52 Stone Mining
35:36 Tusk Swords
40:58 Caravan
Connection lost

Rejoining the realm…

Still unreachable

The connection could not be restored.

Session expired

The server has moved on; the page needs a fresh start.